 Dungeon Crawl Stone Soup version 0.24-a0-181-gd121a6d (webtiles) character file.

Game seed: 5705791257177615352

64 Minorbread the Skirmisher (level 4, 0/40 HPs)
             Began as a Ghoul Abyssal Knight on Mar 14, 2019.
             Was a Follower of Lugonu.
             Slain by a rat (1 damage)
             ... on level 3 of the Dungeon.
             The game lasted 00:03:39 (1908 turns).

Minorbread the Skirmisher (Ghoul Abyssal Knight)    Turns: 1908, Time: 00:03:39

Health: 0/40       AC:  3    Str: 15    XL:     4   Next: 12%
Magic:  4/4        EV: 11    Int:  7    God:    Lugonu [*.....]
Gold:   82         SH:  0    Dex:  9    Spells: 3/3 levels left

rFire    . . .     SeeInvis .   a - +1 short sword
rCold    + . .     Gourm    .   (no shield)
rNeg     + + +     Faith    .   b - +0 leather armour
rPois    ∞         Spirit   .   (no helmet)
rElec    .         Reflect  .   (no cloak)
rCorr    .         Harm     .   (no gloves)
MR       .....                  (no boots)
Stlth    ++........             (no amulet)
HPRegen  0.00/turn              g - ring of stealth
MPRegen  0.09/turn              (no ring)

@: rotting
A: rotting body, claws 1, carnivore, cold resistance 1, negative energy
resistance 3, inhibited regeneration, torment resistance, unbreathing
a: Depart the Abyss, Renounce Religion


You were on level 3 of the Dungeon.
You worshipped Lugonu.
Lugonu was aware of your devotion.
You were not hungry.

You visited 1 branch of the dungeon, and saw 3 of its levels.
You visited the Abyss 1 time.

You collected 82 gold pieces.

Inventory:

Hand Weapons
 a - a +1 short sword (weapon)
Armour
 b - a +0 leather armour (worn)
Jewellery
 g - a ring of stealth (left claw)
Scrolls
 d - 4 scrolls of identify
 e - a scroll of enchant armour
 h - a scroll of blinking {unknown}
Potions
 f - 2 potions of heal wounds {unknown}
 i - a potion of curing {unknown}
Comestibles
 c - 2 rations
 j - a chunk of flesh


   Skills:
 + Level 3.8 Fighting
 * Level 3.0 Short Blades
 - Level 1.7 Armour
 - Level 0.8 Dodging
 + Level 1.5 Stealth
 - Level 2.3 Invocations


You had 3 spell levels left.
You didn't know any spells.
Your spell library was empty.

Dungeon Overview and Level Annotations

Branches:
Dungeon (3/15)

Altars:
Fedhas


Innate Abilities, Weirdness & Mutations

Your body is rotting away.
You thrive on raw meat.
You are immune to poison.
You have sharp fingernails.
You are carnivorous and can eat meat at any time.
Your flesh is cold resistant. (rC+)
You are immune to negative energy. (rN+++)
You do not regenerate when monsters are visible.
You are immune to unholy pain and torment.
You can survive without breathing.


Message History

The orc is lightly wounded.
The hobgoblin hits you but does no damage.
The rat misses you.
You hit the orc.
The orc is moderately wounded.
The orc barely misses you. The hobgoblin hits you. The rat barely misses you.
You hit the orc.
The orc is heavily wounded.
The orc hits you with a +0 war axe!
* * * LOW HITPOINT WARNING * * *
The hobgoblin closely misses you. The rat bites you but does no damage.
You closely miss the orc.
The orc is moderately wounded.
The hobgoblin hits you.
* * * LOW HITPOINT WARNING * * *
The orc hits you with a +0 war axe.
* * * LOW HITPOINT WARNING * * *
The rat barely misses you. The rat bites you.
You die...

#....##.# .. #.....#.#
..# .... #.......# ..
..#. #.......### #.##
#..# ....#.....####
..###..###
.............###.........
...##..o.....†..###.#.#.
#>....(rg######...##.#..#
#######.@## ##..(......
#....#########.....
...........###...÷..
#.(###........#..##..#
#.# #...........####..
... #................#
... #..........###...# ..
............#†.<.#
#................#


You could see an orc, a hobgoblin and a rat.

Vanquished Creatures
  2 adders (D:2)
  2 leopard geckos
  An orc (D:3)
  3 giant cockroaches
  7 goblins
  6 hobgoblins
  A kobold (D:1)
  2 quokkas (D:2)
  2 ball pythons
  5 bats
  2 frilled lizards
  9 rats
42 creatures vanquished.

Notes
Turn   | Place    | Note
-------+----------+-------------------------------------------
     0 | Abyss:1  | Minorbread the Ghoul Abyssal Knight began the quest for the
                  | Orb.
     0 | Abyss:1  | Reached XP level 1. HP: 19/19 MP: 1/1
    24 | Abyss:1  | Noticed an ancient zyme
    44 | D:1      | Escaped the Abyss
   137 | D:1      | Reached XP level 2. HP: 5/26 MP: 2/2
   549 | D:1      | Reached * piety under Lugonu
  1168 | D:2      | Reached XP level 3. HP: 19/33 MP: 3/3
  1280 | D:2      | Found a blossoming altar of Fedhas.
  1355 | D:2      | Reached skill level 1 in Stealth
  1845 | D:3      | Reached XP level 4. HP: 34/40 MP: 4/4
  1906 | D:3      | HP: 1/40 [orc/+0 war axe (4)]
  1908 | D:3      | Slain by a rat

Levels and vault maps discovered:
D:1:      dpeg_arrival_subterranean_lakeside_camping, layout_basic,
          feat_on_display
D:2:      layout_basic, fedhas_altar_3
D:3:      layout_rooms, serial_bayou_pond_e, minmay_misc_feat_rows
Abyss:1

Skill      XL: |  1  2  3  4 |
---------------+-------------+-----
Short Blades   | 2 3 |  3.0
Stealth        | 1 |  1.5
Fighting       | |  3.8
Armour         | |  1.7
Dodging        | |  0.8
Invocations    | |  2.3

Action                   |  1- 3 |  4- 6 || total
-------------------------+-------+-------++-------
Melee: Short sword       |   135 |    26 ||   161
Invok: Depart the Abyss  |     1 |       ||     1
  Use: Scroll            |     2 |       ||     2
 Stab: Sleeping          |     3 |     1 ||     4
  Eat: Chunk             |     5 |       ||     5
Armor: Leather armour    |    45 |    12 ||    57
Dodge: Dodged            |    94 |    26 ||   120

Table legend:
 A = Non-vault XP
 B = Vault XP
 C = Vault XP percentage of total XP
 D = Non-vault monster count
 E = Vault monster count
 F = Vault count percentage of total count
                 A         B        C        D         E       F
            +---------+---------+-------+---------+---------+-------
      Total |      83 |       9 |   9.8 |      36 |       6 |  14.3
            +---------+---------+-------+---------+---------+-------
        D:1 |      22 |       9 |  29.0 |      12 |       6 |  33.3
        D:2 |      50 |       0 |   0.0 |      16 |       0 |   0.0
        D:3 |      11 |       0 |   0.0 |       8 |       0 |   0.0
            +---------+---------+-------+---------+---------+-------
